 Dungeon Crawl Stone Soup version 0.18-a0-1285-g60d00e1 (webtiles) character file.

2471 Ijustatesigmund the Basher (level 9, -11/74 HPs)
             Began as a Demonspawn Fighter on Feb 8, 2016.
             Was a Follower of Okawaru.
             Mangled by a white ugly thing (19 damage)
             ... on level 8 of the Dungeon.
             The game lasted 00:21:56 (6334 turns).

Ijustatesigmund the Basher (Demonspawn Fighter)     Turns: 6334, Time: 00:21:56

Health: -11/74     AC: 11    Str: 18    XL:     9   Next: 26%
Magic:  11/12      EV: 17    Int: 10    God:    Okawaru [*.....]
Gold:   295        SH: 13    Dex: 19    Spells: 0 memorised, 8 levels left

rFire  . . .     SeeInvis .     a - +3 flail
rCold  . . .     Gourm    .     b - +0 scale mail
rNeg   . . .     Faith    .     c - +2 shield
rPois  .         Spirit   .     (no helmet)
rElec  .         Dismiss  .     (no cloak)
rCorr  .         Reflect  .     s - +2 pair of gloves
SustAt .         Harm     .     (no boots)
MR     .....                    (no amulet)
Stlth  ++++......               (no ring)
                                l - ring of stealth

@: agile, heroism, not resistant to hostile enchantments, stealthy
A: claws 2, demonic guardian 1, powered by death 2
a: Heroism, Renounce Religion


You were on level 8 of the Dungeon.
You worshipped Okawaru.
Okawaru was aware of your devotion.
You were not hungry.

You visited 1 branch of the dungeon, and saw 8 of its levels.
You also visited: Sewer.

You collected 392 gold pieces.
You spent 97 gold pieces at shops.

Inventory:

Hand Weapons
 a - a +3 flail (weapon)
 e - the +1 whip "Degaj" {antimagic, MR+ Str+4}
   (You found it on level 4 of the Dungeon)

   It disrupts the flow of magical energy around spellcasters and certain
   magical creatures (including the wielder).
   It affects your strength (+4).
   It affects your resistance to hostile enchantments.
Armour
 b - a +0 scale mail (worn)
 c - a +2 shield (worn)
 s - a +2 pair of gloves (worn)
Jewellery
 l - a ring of stealth (left hand)
 r - the cursed necklace of Bloodlust {*Rage +Rage MR+ Str+2 Int-2 Slay+3 *Curse}
   (You found it on level 6 of the Dungeon)

   [amulet of rage]

   It affects your strength (+2).
   It affects your intelligence (-2).
   It affects your accuracy and damage with ranged weapons and melee attacks
   (+3).
   It affects your resistance to hostile enchantments.
   It lets you go berserk.
   It may make you go berserk in combat.
   It may re-curse itself when equipped.
   It has a curse placed upon it.
Wands
 m - a wand of random effects (15/48)
 n - a wand of paralysis (7/24)
 w - a wand of flame (31/48)
 B - a wand of flame (29/48)
Scrolls
 i - 2 scrolls of teleportation
 j - a scroll of remove curse
 p - 2 scrolls of blinking
 t - a scroll of magic mapping
 z - 4 scrolls of identify
 A - a scroll of enchant weapon
Potions
 g - 2 potions of heal wounds
 h - 3 potions of curing
 k - 2 potions of cancellation
 x - 2 potions of brilliance
Comestibles
 d - a royal jelly
 f - 5 bread rations
 o - 3 meat rations
 C - 10 fruits


   Skills:
 + Level 8.0(13.0) Fighting
 + Level 8.8(13.8) Maces & Flails
 - Level 2.6(7.6) Armour
 - Level 2.6(7.6) Shields
 + Level 4.8 Invocations


You had 8 spell levels left.
You didn't know any spells.

Dungeon Overview and Level Annotations

Branches:
Dungeon (8/15)             Temple (0/1) D:7
   Lair: D:8-11

Altars:
Cheibriados
Elyvilon
Fedhas
Gozag
Kikubaaqudgha
Makhleb
Nemelex Xobeh
Okawaru
Qazlal
Sif Muna
Trog
Xom
Yredelemnul
Zin
The Shining One

Shops:
D:5 (   D:6 *   D:7 *%

Annotations:
D:8 Uberwunderbarhen's ghost, novice OpBe


Innate Abilities, Weirdness & Mutations

You have very sharp fingernails.
A weak demonic guardian rushes to your aid.
You regenerate health from kills.


Message History

You block the white ugly thing's attack.
You closely miss the white ugly thing.
The white ugly thing is moderately wounded.
The white ugly thing headbutts you! The white ugly thing freezes you!
* * * LOW HITPOINT WARNING * * *
You barely miss the white ugly thing.
The white ugly thing is moderately wounded.
Drink which item? (? for menu, Esc to quit)
You feel much better.
The white ugly thing headbutts you but does no damage.
You sock the white ugly thing!
The white ugly thing is heavily wounded.
The white ugly thing headbutts you. The white ugly thing freezes you!!
* * * LOW HITPOINT WARNING * * *
You thump the white ugly thing!
The white ugly thing is severely wounded.
The white ugly thing headbutts you!
* * * LOW HITPOINT WARNING * * *
The white ugly thing freezes you!!
You die...

#.$.? # ##.....
.. ....... <..
.<..... #...
.......
>...#####.......
#....F....... .
.....#.#u#(.....
.. .## ##.#@#
###W. ...#.
###...5#
.....###...#.##.
.........###...
.........# #.###
....#.##.##..#
.............###
................
.
#######...>####.
...#


You could see a white ugly thing, a giant frog and a friendly white imp.

Vanquished Creatures
  Grinder (D:6)
  Sigmund (D:4)
  5 ogres
  3 eyes of draining (D:6)
  2 phantoms
  3 giant frogs
  A jelly (D:5)
  A gnoll sergeant (D:6)
  A killer bee (D:5)
  3 wights (D:6)
  2 orc priests (D:4)
  2 hounds
  4 orc wizards
  A giant frog skeleton (D:6)
  An iguana (D:6)
  8 worker ants
  A hound skeleton (D:6)
  3 gnolls (D:6)
  14 adders
  10 oozes (Sewer)
  An adder skeleton (D:4)
  4 worms
  14 giant geckos
  17 orcs
  12 giant cockroaches
  2 gnoll zombies (D:7)
  10 goblins
  6 hobgoblins
  3 jackals
  3 quokkas
  7 ball pythons (Sewer)
  10 bats
  A giant gecko skeleton (D:4)
  15 giant newts
  7 kobolds
  2 quokka skeletons
  5 rats
186 creatures vanquished.

Vanquished Creatures (collateral kills)
  An ogre (D:4)
  A scorpion (D:4)
  An orc wizard (D:3)
  An adder (D:5)
  An orc (D:4)
  2 jackals (D:4)
7 creatures vanquished.

Grand Total: 193 creatures vanquished

Notes
Turn   | Place    | Note
--------------------------------------------------------------
     0 | D:1      | Ijustatesigmund the Demonspawn Fighter began the quest for the Orb.
     0 | D:1      | Reached XP level 1. HP: 18/18 MP: 1/1
   224 | D:1      | Gained mutation: You regenerate a little health from kills. [demonic ancestry]
   224 | D:1      | Reached XP level 2. HP: 17/24 MP: 2/2
   655 | D:2      | Reached XP level 3. HP: 18/29 MP: 3/3
   939 | D:2      | Reached skill level 4 in Fighting
   970 | D:2      | Found a glowing silver altar of Zin.
   970 | D:2      | Found an opulent altar of Gozag.
  1106 | D:3      | Found a white marble altar of Elyvilon.
  1238 | D:3      | Found a blossoming altar of Fedhas.
  1359 | D:3      | Gained mutation: A weak demonic guardian rushes to your aid. [demonic ancestry]
  1359 | D:3      | Reached XP level 4. HP: 28/37 MP: 4/4
  1639 | D:3      | Found a sparkling altar of Nemelex Xobeh.
  1973 | D:4      | Noticed an ogre
  2030 | D:4      | Noticed an ogre
  2038 | D:4      | Killed an ogre
  2038 | D:4      | Gained mutation: You have sharp fingernails. [demonic ancestry]
  2038 | D:4      | Reached XP level 5. HP: 30/43 MP: 5/5
  2078 | D:4      | Killed an ogre
  2078 | D:4      | Gained mutation: You regenerate health from kills. [demonic ancestry]
  2078 | D:4      | Reached XP level 6. HP: 50/50 MP: 6/6
  2250 | D:4      | Reached skill level 5 in Fighting
  2250 | D:4      | Reached skill level 5 in Maces & Flails
  2334 | D:4      | Noticed Sigmund
  2352 | D:4      | Killed Sigmund
  2352 | D:4      | Reached XP level 7. HP: 36/56 MP: 7/7
  2538 | D:4      | Found a glowing drain.
  2542 | Sewer    | Entered a sewer
  2874 | Sewer    | Reached skill level 6 in Maces & Flails
  3048 | D:4      | Got an encrusted whip
  3049 | D:4      | Identified the +1 whip "Degaj" {antimagic, MR+ Str+4} (You found it on level 4 of the Dungeon)
  3796 | D:5      | Entered Level 5 of the Dungeon
  3847 | D:5      | Found an ancient bone altar of Kikubaaqudgha.
  4029 | D:5      | Reached skill level 7 in Maces & Flails
  4029 | D:5      | Reached XP level 8. HP: 63/65 MP: 8/8
  4310 | D:5      | Found Ecwoasim's Weapon Boutique.
  4637 | D:6      | Found an iron altar of Okawaru.
  4682 | D:6      | Became a worshipper of Warmaster Okawaru
  4695 | D:6      | Found a bloodstained altar of Trog.
  4701 | D:6      | Reached skill level 8 in Maces & Flails
  4701 | D:6      | Reached skill level 1 in Invocations
  4722 | D:6      | Noticed Grinder
  4725 | D:6      | Paralysed by Grinder for 4 turns
  4735 | D:6      | Killed Grinder
  4735 | D:6      | Reached * piety under Okawaru
  4885 | D:6      | Found a glowing golden altar of the Shining One.
  4886 | D:6      | Found a shimmering altar of Xom.
  4886 | D:6      | Found a stormy altar of Qazlal.
  4886 | D:6      | Found a burning altar of Makhleb.
  4913 | D:6      | Gained mutation: You have very sharp fingernails. [demonic ancestry]
  4913 | D:6      | Reached XP level 9. HP: 67/72 MP: 11/11
  4919 | D:6      | Got an ancient quarterstaff
  4925 | D:6      | Identified the +7 quarterstaff "Koasch" {crush, rPois Int+2 Stlth+} (You found it on level 6 of the Dungeon)
  4929 | D:6      | Found an iron altar of Okawaru.
  4929 | D:6      | Found a deep blue altar of Sif Muna.
  4949 | D:6      | Found Fughesac's General Store.
  5891 | D:7      | Found a basalt altar of Yredelemnul.
  6036 | D:7      | Found Naleogiado's Food Shoppe.
  6086 | D:7      | Found Qoluraapt's General Store.
  6094 | D:7      | Bought a scroll of enchant armour for 97 gold pieces
  6158 | D:7      | Found a staircase to the Ecumenical Temple.
  6289 | D:8      | Found a snail-covered altar of Cheibriados.
  6318 | D:8      | Noticed a white ugly thing
  6319 | D:8      | Noticed Uberwunderbarhen's ghost (novice OpBe)
  6334 | D:8      | Mangled by a white ugly thing

Vault maps used:
D:1:      dpeg_arrival_line_fractal
D:2:      grunt_temple_overflow_gold_and_silver
D:3:      lemuel_coloured_pillars_altar, elyvilon_altar_5, nrook_mini_vaults,
          fedhas_altar_2
D:4:      gup_sewer_entry_spiral, kennysheep_doodads, uniq_sigmund
D:5:      nicolae_overflow_crystal_walls, first_bread, serial_shops, shop
D:6:      trog_eyes_of_draining, minmay_overflow_temple_hex, serial_shops, shop,
          basic_altar, minmay_small_thing, uniq_grinder
D:7:      lemuel_zombie_altar_yredelemnul, temple_green, serial_shops, shop,
          shop
D:8:      lemuel_crystal_altar, serial_corexii_hall, corexii_hall_statues_u,
          corexii_hall_statues_i, hangedman_ranch,
          nicolae_tso_swordbearing_angel
Sewer:    sewer_frog_island_02

Action                   |  1- 3 |  4- 6 |  7- 9 || total
-------------------------+-------+-------+-------++-------
Melee: Flail             |   158 |    93 |   471 ||   722
       Whip              |       |       |    30 ||    30
       Quarterstaff      |       |       |    48 ||    48
Invok: Heroism           |       |       |     2 ||     2
  Use: Potion            |     1 |     2 |     3 ||     6
       Scroll            |     7 |     1 |    11 ||    19
 Stab: Sleeping          |       |       |     2 ||     2
  Eat: Beef jerky        |     1 |     1 |     2 ||     4
       Chunk             |       |     2 |     8 ||    10
       Fruit             |       |       |     4 ||     4
